 Dungeon Crawl Stone Soup version 0.17-a0-1011-gfa70bdd (webtiles) character file.

179272 Sixotanaka the Shatterer (level 18, -4/198 HPs)
             Began as an Ogre Berserker on May 13, 2015.
             Was the Champion of Trog.
             Slain by a phantasmal warrior (32 damage)
             ... on level 4 of the Swamp.
             The game lasted 01:35:26 (47566 turns).

Sixotanaka the Shatterer (Ogre Berserker)          Turns: 47566, Time: 01:35:26

Health: -4/198     AC: 12    Str: 30    XL:     18   Next: 23%
Magic:  24/24      EV: 21    Int:  7    God:    Trog [******]
Gold:   1928       SH:  0    Dex: 18    Spells: 0 memorised, 17 levels left

rFire  + . .     SeeInvis +     K - +10 great mace "Tyboph" {crush, Str+3 Dex+3 Stlth+}
rCold  . . .     Clarity  .     r - +1 robe {rF+}
rNeg   . . .     SustAb   .     (no shield)
rPois  +         Gourm    +     w - +2 hat {Int+3}
rElec  .         Spirit   .     P - +0 cloak {rPois}
rCorr  .         Warding  .     (gloves unavailable)
rMut   .         Stasis   .     (boots unavailable)
MR     ++...                    G - amulet of the gourmand
Stlth  +++.......               S - +5 ring of protection
                                X - ring of the Briny Deep {MR+ Int-2 Slay+3 SInv}

@: about to teleport, very resistant to hostile enchantments, fairly stealthy
A: unfitting armour, tough skin 1
a: Burn Spellbooks, Berserk, Trog's Hand, Brothers in Arms, Renounce Religion


You were on level 4 of the Swamp.
You worshipped Trog.
Trog was exalted by your worship.
You were very full.

You visited 5 branches of the dungeon, and saw 32 of its levels.
You also visited: Ossuary and Volcano.

You collected 3337 gold pieces.
You spent 1409 gold pieces at shops.


Innate Abilities, Weirdness & Mutations

You are too large for most types of armour.
You have tough skin (AC +1).


   Skills:
 - Level 16.7 Fighting
 - Level 23.3 Maces & Flails
 - Level 11.3 Throwing
 - Level 15.4 Dodging
 + Level 8.7 Evocations


You had 17 spell levels left.
You didn't know any spells.

Dungeon Overview and Level Annotations

Branches:
Dungeon (15/15)            Temple (0/1) D:5            Lair (8/8) D:9
  Swamp (4/4) Lair:6        Snake (0/4) Lair:5        Slime (0/6) Lair:7
    Orc (4/4) D:11            Elf (0/3) Orc:3        Vaults (0/5) D:14
 Depths (1/5) D:15

Altars:
Cheibriados
Dithmenos
Gozag
Ru
Sif Muna
Trog
Xom
Zin
Beogh

Shops:
Orc:4 ?=%}

Portals:
Trove: D:11 (give 4 scrolls of blinking)

Annotations:
Lair:2 4 exclusions
Lair:4 exclusion: 2 oklob plants
Lair:6 Kirke
Lair:8 1 runed door

Inventory:

Hand weapons
 B - a +5 giant spiked club of venom
   (You took it off an ogre on level 4 of the Dungeon)
 I - a +0 blowgun
 K - the +10 great mace "Tyboph" (weapon) {crush, Str+3 Dex+3 Stlth+}
   (Trog gifted it to you on level 1 of the Lair of Beasts)

   It inflicts extra damage upon your enemies.
   It affects your strength (+3).
   It affects your dexterity (+3).
   It makes you more stealthy.
Missiles
 e - 8 javelins of penetration (quivered)
 m - 23 curare-tipped needles
 u - 5 throwing nets
 W - 29 large rocks
Armour
 r - a +1 robe of fire resistance (worn)
   (You found it in a volcano)
 s - a +2 cloak of magic resistance
   (You found it on level 2 of the Lair of Beasts)
 w - a +2 hat of intelligence (worn)
   (You found it on level 11 of the Dungeon)
 P - a +0 cloak of poison resistance (worn)
   (You acquired it on level 14 of the Dungeon)
Jewellery
 F - an uncursed ring of fire
 G - an amulet of the gourmand (around neck)
 O - an uncursed ring of teleport control
 R - an uncursed amulet of resist corrosion
 S - a +5 ring of protection (right hand)
 X - the ring of the Briny Deep (left hand) {MR+ Int-2 Slay+3 SInv}
   (You bought it in a shop on level 4 of the Orcish Mines)

   [ring of protection from magic]

   It affects your intelligence (-2).
   It affects your accuracy and damage with ranged weapons and melee attacks
   (+3).
   It affects your resistance to hostile enchantments.
   It enhances your eyesight.
Magical devices
 k - a wand of hasting (9) {@v3}
 o - a wand of invisibility (7)
 z - a wand of teleportation (4) {@v4}
 H - a wand of heal wounds (3) {@v2}
 M - a wand of digging (18)
 N - a wand of draining (0)
 U - a wand of teleportation (9) {@v4}
 Z - a wand of paralysis (19)
Scrolls
 a - 5 scrolls of enchant armour
 c - 2 scrolls of fear
 v - 2 scrolls of recharging
 x - 3 scrolls of magic mapping
 y - 6 scrolls of remove curse {@r2}
 C - 8 scrolls of teleportation {@r4}
 L - 6 scrolls of fog
Potions
 b - a potion of berserk rage
 d - 4 potions of haste {@q3}
 f - 9 potions of flight
 g - 3 potions of invisibility
 h - 6 potions of lignification {!q}
 l - 6 potions of agility
 n - 11 potions of curing {@q1}
 p - a potion of resistance
 J - 2 potions of cancellation
 V - 3 potions of ambrosia {!q}
 Y - 2 potions of might
Comestibles
 i - 4 slices of pizza
 j - 28 beef jerkies
 q - 8 fruits
 D - 16 bread rations
 E - 15 meat rations
 Q - 2 royal jellies

#ZW..≈# #.W# ≈≈#
##..# v≈##
##§.v# ≈§Wv#
##..§## ≈§.#
#.$.## #vW.##
##..####W§...#
##...##vWWt...#
#§§§###W@Dv..#
##§§.##..W.§(.#
#....###§§§..##
♣♣ ##...≈#
##§...# ≈♣♣♣♣
#...### ######
≈.♣.♣ #..≈≈##
..≈≈#♣#≈≈≈≈≈###
≈≈≈.♣≈≈≈≈≈≈≈≈≈##
..^.≈≈≈≈..≈≈≈≈≈#


You could see a bone dragon, a ghost crab, 2 phantasmal warriors, 5 phantoms and
5 insubstantial wisps.


Message History

The seven-headed hydra zombie bites you.
* * * LOW HITPOINT WARNING * * *
The seven-headed hydra zombie closely misses you.
The seven-headed hydra zombie bites you.
* * * LOW HITPOINT WARNING * * *
The seven-headed hydra zombie bites you.
* * * LOW HITPOINT WARNING * * *
The seven-headed hydra zombie closely misses you.
The seven-headed hydra zombie completely misses you.
The seven-headed hydra zombie bites you.
* * * LOW HITPOINT WARNING * * *
A phantom and a spectral thing come into view.
Read which item? (? for menu, Esc to quit)
As you read the scroll of teleportation {@r4}, it crumbles to dust.
You feel strangely unstable.
The phantom moves out of view.
The swamp dragon zombie completely misses you.
The swamp dragon zombie claws you but does no damage.
The swamp dragon zombie completely misses you.
The insubstantial wisp blinks!
You barely miss the phantom.
The seven-headed hydra zombie bites you but does no damage. x2
The seven-headed hydra zombie bites you!
* * * LOW HITPOINT WARNING * * *
The seven-headed hydra zombie misses you.
The seven-headed hydra zombie bites you but does no damage.
The seven-headed hydra zombie closely misses you.
The seven-headed hydra zombie misses you.
The phantom misses you.
The swamp dragon zombie completely misses you.
The swamp dragon zombie claws you but does no damage.
The swamp dragon zombie closely misses you.
A spectral swamp dragon comes into view.
You bludgeon the seven-headed hydra zombie!!
The seven-headed hydra zombie closely misses you.
The seven-headed hydra zombie completely misses you.
The seven-headed hydra zombie closely misses you.
The seven-headed hydra zombie bites you.
* * * LOW HITPOINT WARNING * * *
The seven-headed hydra zombie bites you.
* * * LOW HITPOINT WARNING * * *
The seven-headed hydra zombie misses you.
The seven-headed hydra zombie barely misses you.
You flatten the seven-headed hydra zombie like a pancake!!!
You hear a chilling moan. x3
The phantom closely misses you. The swamp dragon zombie bites you.
* * * LOW HITPOINT WARNING * * *
The swamp dragon zombie completely misses you.
The swamp dragon zombie closely misses you.
You bludgeon the seven-headed hydra zombie!!
You destroy the seven-headed hydra zombie!
The phantom misses you.
The insubstantial wisp blinks!
You sock the phantom!
Your surroundings suddenly seem different.
The bone dragon misses you. The bone dragon claws you.
* * * LOW HITPOINT WARNING * * *
The bone dragon tramples you but does no damage.
Found 6 poisoned needles and a decaying rune of Zot.
A bone dragon, 5 insubstantial wisps, 5 phantoms, 2 phantasmal warriors and a ghost crab come into view.
Read which item? (? for menu, Esc to quit)
As you read the scroll of teleportation {@r4}, it crumbles to dust.
You feel strangely unstable. The insubstantial wisp misses you.
The phantasmal warrior blinks!
The phantom blinks!
The bone dragon barely misses you. The bone dragon claws you!
* * * LOW HITPOINT WARNING * * *
The bone dragon tramples you!
* * * LOW HITPOINT WARNING * * *
You hold your ground!
The phantom hits you but does no damage.
The phantasmal warrior hits you!!
You die...

Action                   |  1- 3 |  4- 6 |  7- 9 | 10-12 | 13-15 | 16-18 || total
-------------------------+-------+-------+-------+-------+-------+-------++-------
Melee: Mace              |    73 |    70 |       |       |       |       ||   143
       Whip              |       |    66 |   470 |   451 |       |       ||   987
       Morningstar       |       |       |       |    86 |       |       ||    86
       Great mace        |       |       |       |   260 |  1261 |  1067 ||  2588
 Fire: Blowgun           |       |       |     3 |       |    15 |       ||    18
Throw: Stone             |       |     5 |     7 |     5 |       |       ||    17
       Large rock        |       |       |       |       |     5 |       ||     5
       Javelin           |       |       |       |       |       |     4 ||     4
Invok: Berserk           |     2 |       |     9 |     9 |    12 |     9 ||    41
       Trog's Hand       |       |       |     2 |     3 |    10 |     4 ||    19
Evoke: Wand              |       |       |       |       |       |     4 ||     4
  Use: Scroll            |       |     5 |     9 |     6 |    21 |    18 ||    59
       Potion            |       |       |     3 |     3 |     4 |     7 ||    17
 Stab: Sleeping          |       |       |       |    11 |    20 |     5 ||    36
       Invisible         |       |       |       |     4 |       |       ||     4
       Distracted        |       |       |       |     1 |     4 |       ||     5
  Eat: Chunk             |     2 |     6 |    31 |    48 |    72 |    52 ||   211
       Bread ration      |       |       |     1 |       |       |       ||     1
       Beef jerky        |       |       |     1 |       |       |       ||     1
       Pizza             |       |       |       |       |       |     1 ||     1

Vault maps used:
D:1:      dpeg_chamrin_arrival_tetris
D:2:      nicolae_ru_awakened_eye, lemuel_crystal_altar,
          overflow_temple_1_default, uniq_sigmund
D:3:      hex_intersection
D:4:      gup_ossuary_entry_pyramid, kennysheep_orc_chapel
D:5:      zin_statuary, minmay_temple_entry_water_ring, basic_altar,
          first_bread, cheibriados_altar_1, uniq_duvessa
D:6:      basic_altar, uniq_crazy_yiuf_cottage, uniq_blork_the_orc
D:7:      lightli_temple_of_fire, uniq_joseph, uniq_pikel
D:8:      kennysheep_mini, nicolae_gozag_seed_capital, the_bakery
D:9:      lair_0_dummy, minmay_misc_feat_rows, nrook_guardian_serpent_ordinary,
          uniq_grum
D:10:     spider_trap, uniq_erolcha, uniq_sonja
D:11:     orc_david_3, enter_trove_1
D:13:     grunt_dithmenos_smoke_and_mirrors, uniq_maud
D:14:     david_vaults_5, uniq_urug
D:15:     hangedman_depths_entry_civil_slaughter, minivault_25,
          minmay_misc_feat_alley
Lair:2:   serial_bayou_pond_b, st_stairs_8, minivault_11, uniq_erica
Lair:3:   minivault_29, serial_bayou_shore_a, grunt_megastairs_4,
          serial_bayou_shore_b, infiniplex_staircase_pool_2
Lair:4:   dpeg_oklob_gauntlet, grunt_megastairs_2, serial_bayou_shore_b,
          uniq_harold
Lair:5:   minmay_snake_entry_guardpost_medium, minmay_lair_oklob_bushes
Lair:6:   swamp_mist, guppyfry_snake_entry_island,
          nicolae_volcano_entry_hallway, uniq_kirke, uniq_rupert
Lair:7:   nicolae_slime_entry_slimehenge, nicolae_quartered_pool_little
Lair:8:   hangedman_lair_caniforms_friends, wormcave, minivault_26,
          wad_woods_road_05
Swamp:1:  serial_swamp_ruin, evilmike_swamp_ruin_house_1,
          evilmike_swamp_ruin_wall, swamp_pool1, uniq_frances
Swamp:2:  nicolae_swamp_fairy_circle, swamp_pool3
Swamp:3:  infiniplex_staircase_pool, swamp_pool2, roderic_ravens_nest,
          uniq_louise, uniq_jorgrun, uniq_aizul
Swamp:4:  swamp_pestilence
Orc:2:    mines2_david
Orc:3:    nicolae_orc_pool_cavern, nicolae_orc_damp_corner, trog_book
Orc:4:    pubby_orc_utopia, uniq_snorg, uniq_maurice
Depths:1: abyss_entry_flame_altar, solitary_fountain, hell_entry,
          rand_demon_pan_entry_3, serial_sigils_hangedman_etch, nicolae_sextant,
          small_chamber_with_monster, lemuel_another_geyser,
          serial_bayou_shore_b
Ossuary:  ossuary_due_mausoleum
Volcano:  volcano_aerie

Notes
Turn   | Place    | Note
--------------------------------------------------------------
     0 | D:1      | Sixotanaka the Ogre Berserker began the quest for the Orb.
     0 | D:1      | Reached XP level 1. HP: 24/24 MP: 1/1
   103 | D:1      | HP: 5/24 [giant gecko (2)]
   127 | D:1      | HP: 5/24 [giant gecko (2)]
   130 | D:1      | Reached XP level 2. HP: 9/32 MP: 2/2
   614 | D:1      | Reached skill level 5 in Maces & Flails
   965 | D:1      | Reached XP level 3. HP: 36/39 MP: 3/3
  1142 | D:2      | Acquired Trog's second power
  1266 | D:2      | Reached skill level 6 in Maces & Flails
  1289 | D:2      | Found a snail-covered altar of Cheibriados.
  1358 | D:2      | Noticed Sigmund
  1363 | D:2      | Killed Sigmund
  1363 | D:2      | Reached skill level 8 in Maces & Flails
  1363 | D:2      | Reached XP level 4. HP: 48/48 MP: 4/4
  1363 | D:2      | Reached XP level 5. HP: 54/54 MP: 5/5
  1366 | D:2      | Found a shimmering altar of Xom.
  1428 | D:2      | Reached XP level 6. HP: 62/62 MP: 6/6
  1433 | D:2      | Found a sacrificial altar of Ru.
  2155 | D:3      | Reached skill level 9 in Maces & Flails
  2863 | D:4      | Reached skill level 10 in Maces & Flails
  2863 | D:4      | Reached XP level 7. HP: 70/70 MP: 7/7
  2934 | D:4      | Found a sand-covered staircase.
  2953 | Ossuary  | Entered an ossuary
  2953 | Ossuary  | Noticed a wraith
  2953 | Ossuary  | Noticed a wraith
  2953 | Ossuary  | Noticed a wraith
  3108 | Ossuary  | HP: 12/70 [mummy (8)]
  3114 | Ossuary  | HP: 16/105 [gnoll skeleton (2)]
  3442 | Ossuary  | Noticed a wraith
  3459 | Ossuary  | Killed a wraith
  3543 | Ossuary  | Reached skill level 11 in Maces & Flails
  3772 | D:4      | Noticed morfei's ghost (experienced KoIE)
  4009 | D:4      | Reached XP level 8. HP: 72/78 MP: 8/8
  4112 | D:4      | Killed morfei's ghost
  4112 | D:4      | Reached skill level 12 in Maces & Flails
  4269 | D:4      | Found a roughly hewn altar of Beogh.
  4279 | D:4      | Reached skill level 13 in Maces & Flails
  4716 | D:5      | Entered Level 5 of the Dungeon
  5172 | D:5      | Found a snail-covered altar of Cheibriados.
  5271 | D:5      | Found a staircase to the Ecumenical Temple.
  5311 | D:5      | Noticed Dowan
  5322 | D:5      | Killed Dowan
  5335 | D:5      | Noticed Duvessa
  5347 | D:5      | Killed Duvessa
  5364 | D:5      | HP: 19/79 [poisoned by Duvessa]
  5369 | D:5      | HP: 17/79 [poisoned by Duvessa]
  5375 | D:5      | HP: 16/79 [poisoned by Duvessa]
  5383 | D:5      | HP: 16/79 [poisoned by Duvessa]
  5782 | D:5      | Acquired Trog's third power
  5877 | D:5      | Found a bloodstained altar of Trog.
  5935 | D:5      | Found a glowing silver altar of Zin.
  6020 | D:5      | Reached skill level 14 in Maces & Flails
  6287 | D:6      | Noticed Blork the orc
  6295 | D:6      | Reached skill level 5 in Fighting
  6295 | D:6      | Reached XP level 9. HP: 82/88 MP: 9/9
  6297 | D:6      | Killed Blork the orc
  6644 | D:6      | Found a shimmering altar of Xom.
  6918 | D:6      | Reached skill level 6 in Fighting
  7277 | D:6      | Reached skill level 15 in Maces & Flails
  7428 | D:6      | Noticed Crazy Yiuf
  7434 | D:6      | Killed Crazy Yiuf
  7924 | D:7      | Noticed Joseph
  7950 | D:7      | Killed Joseph
  7950 | D:7      | Reached skill level 7 in Fighting
  8068 | D:7      | Noticed Pikel
  8078 | D:7      | Killed Pikel
  8078 | D:7      | Reached skill level 8 in Fighting
  8078 | D:7      | Reached skill level 16 in Maces & Flails
  8078 | D:7      | Reached XP level 10. HP: 104/104 MP: 10/10
  8542 | D:7      | Noticed FishServ's ghost (experienced TrAM)
  8568 | D:7      | Killed FishServ's ghost
  9095 | D:7      | Found a bloodstained altar of Trog.
  9362 | D:8      | Reached skill level 9 in Fighting
  9456 | D:8      | Reached skill level 17 in Maces & Flails
  9618 | D:8      | Found a deep blue altar of Sif Muna.
  9817 | D:8      | Found an opulent altar of Gozag.
 10362 | D:9      | Noticed Grum
 10414 | D:9      | Killed Grum
 11022 | D:9      | Reached skill level 10 in Fighting
 11425 | D:9      | Reached XP level 11. HP: 111/117 MP: 11/11
 11469 | D:9      | Found a staircase to the Lair.
 11623 | D:9      | Reached skill level 18 in Maces & Flails
 11757 | D:9      | Noticed a guardian serpent
 11769 | D:9      | HP: 40/177 [hippogriff (5)]
 11771 | D:9      | Killed a guardian serpent
 11771 | D:9      | HP: 11/178 [hippogriff (10)]
 11775 | D:9      | HP: 5/119 [poisoned by a guardian serpent (bolt of poison)]
 11780 | D:9      | HP: 24/178 [hippogriff (1)]
 12374 | D:9      | Received a gift from Trog
 12883 | Lair:1   | Entered Level 1 of the Lair of Beasts
 13193 | Lair:1   | HP: 21/119 [porcupine's spines (10)]
 13777 | Lair:1   | Reached skill level 11 in Fighting
 14023 | Lair:1   | Received a gift from Trog
 14028 | Lair:1   | Got a transparent great mace {god gift}
 14035 | Lair:1   | Identified the +10 great mace "Tyboph" {crush, Str+3 Dex+3 Stlth+} (Trog gifted it to you on level 1 of the Lair of Beasts)
 14174 | Lair:1   | Reached skill level 19 in Maces & Flails
 15658 | Lair:2   | Reached skill level 12 in Fighting
 15696 | Lair:2   | Noticed Erica
 15707 | Lair:2   | Killed Erica
 15707 | Lair:2   | Reached XP level 12. HP: 126/132 MP: 12/12
 15929 | Lair:2   | Reached skill level 20 in Maces & Flails
 16826 | Lair:3   | Received a gift from Trog
 16956 | Lair:3   | Reached skill level 13 in Fighting
 17281 | Lair:3   | Noticed a queen ant
 17289 | Lair:3   | Killed a queen ant
 17289 | Lair:3   | Reached skill level 21 in Maces & Flails
 18251 | Lair:4   | Noticed eataudio's ghost (powerful MiFi)
 18253 | Lair:4   | Noticed Harold
 18323 | Lair:4   | Reached XP level 13. HP: 130/145 MP: 13/13
 18353 | Lair:4   | Reached skill level 14 in Fighting
 18674 | Lair:4   | Reached skill level 22 in Maces & Flails
 18976 | Lair:4   | Killed eataudio's ghost
 19166 | Lair:4   | Killed Harold
 19855 | Lair:5   | Received a gift from Trog
 19856 | Lair:5   | Got a smoking great mace {god gift}
 19857 | Lair:5   | HP: 32/148 [acid (14)]
 19858 | Lair:5   | HP: 11/148 [acid (15)]
 20166 | Lair:5   | Identified the +3 great mace of Zogaud {crush, MR+ Int+5} (Trog gifted it to you on level 5 of the Lair of Beasts)
 20204 | Lair:5   | Found a staircase to the Snake Pit.
 21201 | Lair:5   | Reached skill level 15 in Fighting
 21201 | Lair:5   | Reached skill level 23 in Maces & Flails
 21388 | Lair:6   | Noticed Kirke
 21408 | Lair:6   | Noticed Rupert
 21415 | Lair:6   | Killed Rupert
 21499 | Lair:6   | Found a dark tunnel.
 21514 | Volcano  | Entered a volcano
 21582 | Volcano  | Reached skill level 3 in Dodging
 21601 | Volcano  | Reached skill level 1 in Throwing
 21860 | Volcano  | Reached XP level 14. HP: 152/159 MP: 14/14
 21875 | Volcano  | Reached skill level 2 in Throwing
 21906 | Volcano  | Reached skill level 4 in Dodging
 21956 | Lair:6   | Found a staircase to the Swamp.
 22366 | Lair:6   | Found a staircase to the Snake Pit.
 22590 | Lair:6   | Reached skill level 3 in Throwing
 22592 | Lair:6   | Reached skill level 5 in Dodging
 22607 | Lair:6   | HP: 39/159 [poisoned by a black mamba]
 22612 | Lair:6   | HP: 32/159 [poisoned by a black mamba]
 22617 | Lair:6   | HP: 29/159 [poisoned by a black mamba]
 22622 | Lair:6   | HP: 27/159 [poisoned by a black mamba]
 22628 | Lair:6   | HP: 28/159 [poisoned by a black mamba]
 22633 | Lair:6   | HP: 28/159 [poisoned by a black mamba]
 23342 | Lair:7   | Received a gift from Trog
 23516 | Lair:7   | Reached skill level 4 in Throwing
 23740 | Lair:7   | Reached skill level 6 in Dodging
 24621 | Lair:7   | Found a staircase to the Slime Pits.
 24669 | Lair:7   | Reached skill level 5 in Throwing
 24837 | Lair:8   | Entered Level 8 of the Lair of Beasts
 24893 | Lair:8   | Reached skill level 7 in Dodging
 25627 | Lair:8   | Received a gift from Trog
 25627 | Lair:8   | Reached skill level 6 in Throwing
 25632 | Lair:8   | Reached skill level 8 in Dodging
 26355 | Lair:8   | Reached skill level 7 in Throwing
 26367 | Lair:8   | Reached skill level 9 in Dodging
 26586 | Lair:8   | Received a gift from Trog
 26616 | Lair:8   | Reached XP level 15. HP: 156/167 MP: 15/15
 27049 | Lair:8   | Found a runed door.
 27132 | Lair:8   | Paralysed by a wasp for 2 turns
 27418 | Lair:8   | Reached skill level 8 in Throwing
 27418 | Lair:8   | Reached skill level 10 in Dodging
 28305 | D:10     | Entered Level 10 of the Dungeon
 28313 | D:10     | Received a gift from Trog
 28571 | D:10     | Noticed Sonja
 28588 | D:10     | Killed Sonja
 28825 | D:10     | Noticed Erolcha
 28843 | D:10     | Killed Erolcha
 29065 | D:10     | HP: 38/167 [something (8)]
 29070 | D:10     | HP: 36/167 [something (8)]
 29837 | D:11     | Found a portal to a secret trove of treasure.
 30158 | D:11     | Found a staircase to the Orcish Mines.
 30518 | D:11     | Reached skill level 11 in Dodging
 30694 | Orc:1    | Entered Level 1 of the Orcish Mines
 30942 | Orc:2    | Found a roughly hewn altar of Beogh.
 30946 | Orc:2    | Reached skill level 9 in Throwing
 31333 | Orc:1    | Received a gift from Trog
 31826 | Orc:3    | Received a gift from Trog
 31883 | Orc:3    | Found a bloodstained altar of Trog.
 31984 | Orc:3    | Found a staircase to the Elven Halls.
 32284 | Orc:4    | Entered Level 4 of the Orcish Mines
 32581 | Orc:4    | Received a gift from Trog
 32643 | Orc:4    | Noticed Maurice
 32651 | Orc:4    | Killed Maurice
 32651 | Orc:4    | Received a gift from Trog
 32695 | Orc:4    | Noticed Snorg
 32705 | Orc:4    | Killed Snorg
 33120 | Orc:4    | Received a gift from Trog
 33457 | Orc:4    | Found a roughly hewn altar of Beogh.
 33506 | Orc:4    | Reached skill level 12 in Dodging
 33595 | Orc:4    | Found Reuc's Jewellery Emporium.
 33606 | Orc:4    | Bought the ring of the Briny Deep {MR+ Int-2 Slay+3 SInv} for 490 gold pieces
 33606 | Orc:4    | Bought a +5 ring of protection for 605 gold pieces
 33622 | Orc:4    | Found Pazolopn's Magic Scroll Shoppe.
 33642 | Orc:4    | Reached skill level 10 in Throwing
 33645 | Orc:4    | Bought a scroll of enchant armour for 112 gold pieces
 33645 | Orc:4    | Bought a scroll of enchant armour for 112 gold pieces
 33645 | Orc:4    | Bought a scroll of teleportation for 45 gold pieces
 33645 | Orc:4    | Bought a scroll of teleportation for 45 gold pieces
 33816 | Orc:4    | Reached XP level 16. HP: 176/176 MP: 16/16
 33885 | Orc:4    | Found Fuetwuts's Gadget Shoppe.
 33909 | Orc:4    | Received a gift from Trog
 34163 | Orc:4    | Found a roughly hewn altar of Beogh.
 34180 | Orc:4    | Found Fyaraobe's Food Emporium.
 35174 | Orc:4    | Received a gift from Trog
 35458 | D:12     | Reached skill level 13 in Dodging
 36559 | D:13     | Reached skill level 11 in Throwing
 36814 | D:13     | Noticed Maud
 36825 | D:13     | Killed Maud
 36949 | D:13     | Found a shadowy altar of Dithmenos.
 37177 | D:14     | Noticed Urug
 37194 | D:14     | Killed Urug
 37320 | D:13     | Received a gift from Trog
 37579 | D:14     | Identified a scroll of acquirement
 37605 | D:14     | Received a gift from Trog
 37974 | D:14     | Paralysed by a hornet for 2 turns
 38410 | D:14     | Reached skill level 14 in Dodging
 38588 | D:14     | Found a gate to the Vaults.
 38846 | D:15     | Entered Level 15 of the Dungeon
 39745 | D:15     | Found a staircase to the Depths.
 40093 | D:15     | Reached skill level 16 in Fighting
 40093 | D:15     | Reached XP level 17. HP: 184/187 MP: 17/17
 40359 | Depths:1 | Entered Level 1 of the Depths
 40766 | Swamp:1  | Entered Level 1 of the Swamp
 41077 | Swamp:1  | Noticed chequers's ghost (powerful MiBe)
 41108 | Swamp:1  | Noticed Frances
 41116 | Swamp:1  | Killed Frances
 41251 | Swamp:1  | Killed chequers's ghost
 41251 | Swamp:1  | Reached skill level 15 in Dodging
 41638 | Swamp:1  | Received a gift from Trog
 41641 | Swamp:1  | Got a crystal giant club {god gift}
 41642 | Swamp:1  | Identified the +5 giant club "Folummith" {freeze, *Corrode +Rage rF- Str+11} (Trog gifted it to you on level 1 of the Swamp)
 42596 | Swamp:2  | HP: 70/283 [hornet[a shambling mangrove] (13)]
 42601 | Swamp:2  | HP: 39/283 [poisoned by a hornet]
 42605 | Swamp:2  | HP: 17/283 [hornet[a shambling mangrove] (16)]
 42610 | Swamp:2  | HP: 14/283 [poisoned by a hornet]
 42619 | Swamp:2  | HP: 43/189 [eight-headed hydra (7)]
 42623 | Swamp:2  | HP: 21/189 [eight-headed hydra (1)]
 42645 | Swamp:2  | Reached skill level 1 in Evocations
 43007 | Swamp:2  | Reached skill level 2 in Evocations
 43643 | Swamp:3  | Noticed Aizul
 43650 | Swamp:2  | Reached skill level 3 in Evocations
 43826 | Swamp:3  | Noticed Jorgrun
 43840 | Swamp:3  | Killed Jorgrun
 43841 | Swamp:3  | Reached skill level 4 in Evocations
 43885 | Swamp:3  | Noticed Louise
 43904 | Swamp:3  | HP: 46/189 [six-headed hydra (9)]
 43910 | Swamp:3  | HP: 47/189 [poisoned by Louise (sting)]
 43939 | Swamp:3  | HP: 31/189 [Louise/hand axe (19)]
 43940 | Swamp:3  | Killed Louise
 43967 | Swamp:3  | HP: 41/189 [spriggan druid/stone arrow (1)]
 43969 | Swamp:3  | Received a gift from Trog
 43987 | Swamp:3  | Noticed a tentacled monstrosity
 43999 | Swamp:3  | HP: 27/189 [Aizul (25)]
 44002 | Swamp:3  | Killed Aizul
 44002 | Swamp:3  | Reached skill level 5 in Evocations
 44014 | Swamp:3  | HP: 7/189 [spriggan rider/spear (16)]
 44464 | Swamp:3  | Killed a tentacled monstrosity
 44622 | Swamp:3  | Reached skill level 6 in Evocations
 45732 | Swamp:3  | Reached skill level 7 in Evocations
 45732 | Swamp:3  | Reached XP level 18. HP: 108/198 MP: 23/23
 46449 | Swamp:4  | Entered Level 4 of the Swamp
 46915 | Swamp:4  | Received a gift from Trog
 46915 | Swamp:4  | Reached skill level 8 in Evocations
 47562 | Swamp:4  | HP: 49/198 [seven-headed hydra zombie (4)]
 47566 | Swamp:4  | Noticed a bone dragon
 47566 | Swamp:4  | Slain by a phantasmal warrior

Vanquished Creatures
  Jorgrun (Swamp:3)
  A tentacled monstrosity (Swamp:3)
  Rupert (Lair:6)
  A thorn hunter (Swamp:3)
  Frances (Swamp:1)
  Maud (D:13)
  The ghost of chequers the Impaler, a powerful MiBe of Trog (Swamp:1)
  Aizul (Swamp:3)
  Louise (Swamp:3)
  3 orc warlords (Orc:4)
  A very ugly thing (Swamp:2)
  Snorg (Orc:4)
  2 ettins
  A vault guard (D:14)
  The ghost of eataudio the Blocker, a powerful MiFi of Trog (Lair:4)
  An ogre mage (D:15)
  Harold (Lair:4)
  18 hydras
  Erica (Lair:2)
  Erolcha (D:10)
  5 centaur warriors
  A ghost crab (Swamp:4)
  A queen ant (Lair:3)
  5 alligators
  2 salamander stormcallers
  9 death yaks
  7 orc high priests (Orc:4)
  Urug (D:14)
  A naga sharpshooter (Lair:5)
  Sonja (D:10)
  An ice devil (Orc:4)
  A deep troll (D:15)
  2 unseen horrors
  5 swamp dragons
  A spriggan druid (Swamp:3)
  4 lindwurms
  3 shambling mangroves (Swamp:2)
  3 hill giants (D:14)
  Pikel (D:7)
  A spectral hydra (Swamp:4)
  6 orc knights
  12 ugly things
  4 cyclopes
  2 griffons
  A draconian (shapeshifter) (D:13)
  8 orc sorcerers (Orc:4)
  2 oklob plants
  5 hornets
  The ghost of FishServ the Ruffian, an experienced TrAM of Cheibriados (D:7)
  A toenail golem (Volcano)
  Maurice (Orc:4)
  3 centaur zombies
  4 elephants
  Joseph (D:7)
  The ghost of morfei the Slicer, an experienced KoIE (D:4)
  A guardian serpent (D:9)
  2 molten gargoyles (Volcano)
  6 torpor snails (Lair:8)
  20 spiny frogs
  8 black mambas
  An efreet (D:14)
  3 gargoyles
  An orange demon (Orc:4)
  A yaktaur (D:15)
  2 swamp worm zombies (Swamp:4)
  A tengu conjurer (D:15)
  12 komodo dragons
  A blue devil (Orc:4)
  3 fire drakes
  A deep elf priest (D:15)
  12 giant leeches
  A hydra zombie (Swamp:4)
  10 polar bears
  6 trolls
  A hornet zombie (D:14)
  6 two-headed ogres
  3 fire vortices (Volcano)
  28 blink frogs
  27 slime creatures
  A boulder beetle (Lair:6)
  7 bog bodies
  7 ravens
  2 raiju (Lair:8)
  3 alligator zombies (Swamp:4)
  25 water moccasins
  A trapdoor spider (D:13)
  Sigmund (D:2)
  2 deep elf magi
  4 basilisks
  4 wyverns
  12 spriggans
  A centaur simulacrum (D:14)
  45 yaks
  2 wraiths
  13 hippogriffs
  Grum (D:9)
  5 fire elementals (Volcano)
  12 wolves
  6 nagas
  12 wargs
  14 vampire mosquitoes
  4 hungry ghosts
  21 swamp worms
  19 insubstantial wisps
  20 soldier ants (Lair:3)
  4 hell hounds (Lair:8)
  A mottled dragon (D:14)
  Duvessa (D:5)
  3 ice beasts
  8 spiders (D:10)
  2 sky beasts
  8 swamp drakes
  15 wasps
  15 black bears
  4 boggarts
  51 orc warriors
  4 phantoms
  16 porcupines
  16 centaurs
  18 crocodiles
  19 ogres
  4 brain worms
  Blork the orc (D:6)
  A gnoll sergeant (D:8)
  2 wyvern zombies
  20 giant frogs
  4 scorpions
  2 wyvern skeletons
  Dowan (D:5)
  12 killer bees
  An electric eel (Lair:3)
  16 wights
  10 crimson imps
  A giant frog zombie (D:12)
  22 orc wizards
  A quasit (D:10)
  4 centaur skeletons
  19 hounds
  6 jellies
  Crazy Yiuf (D:6)
  A giant frog skeleton (D:5)
  26 orc priests
  14 iguanas
  27 worker ants
  20 sheep
  2 mummies
  A worker ant zombie (D:8)
  A gnoll (D:8)
  12 adders
  71 river rats
  3 shadow imps
  6 oozes
  An adder skeleton (D:9)
  15 worms (Lair:8)
  9 giant geckos
  269 orcs
  13 bats
  2 bat skeletons
  26 goblins
  19 hobgoblins
  17 jackals
  6 quokkas
  4 giant cockroaches
  9 gnoll skeletons (Ossuary)
  A jackal skeleton (D:7)
  A jackal zombie (D:6)
  13 kobolds
  4 kobold skeletons (Ossuary)
  12 orc skeletons (Ossuary)
  11 rats
  A bush (Lair:5)
  A plant (Lair:8)
1479 creatures vanquished.

Vanquished Creatures (others)
  4 slaves (D:7)
  A crocodile (Lair:7)
  A giant frog (D:7)
  A crimson imp (D:7)
  An orc wizard (Orc:4)
  An adder (D:7)
  A river rat (Lair:3)
  An orc (D:7)
  2 goblins (D:7)
  A bat (D:7)
  A rat (D:7)
  11 fungi
  19 plants
45 creatures vanquished.

Grand Total: 1524 creatures vanquished
